 Dungeon Crawl Stone Soup version 0.27-a0-1525-g1038ab4fd7 (webtiles) character file.

Game seed: 7079656233085080787

8512 nyamberluvr69 the Blocker (level 11, -8/81 HPs)
             Began as an Octopode Berserker on July 10, 2021.
             Was an Elder of Trog.
             Mangled by a torpor snail (19 damage)
             ... on level 3 of the Lair of Beasts.
             The game lasted 00:20:46 (12578 turns).

nyamberluvr69 the Blocker (Octopode Berserker)     Turns: 12578, Time: 00:20:49

Health: -8/81      AC:  5    Str: 22    XL:     11   Next: 32%
Magic:  11/11      EV: 13    Int: 10    God:    Trog [****..]
Gold:   544        SH: 15    Dex: 15    Spells: 10/10 levels left

rFire    . . .     SeeInvis .   E - +2 scimitar
rCold    . . .     Faith    .   D - +2 kite shield
rNeg     . . .     Spirit   .   (helmet restricted)
rPois    .         Reflect  .   (no amulet)
rElec    .         Harm     .   d - ring of willpower
rCorr    +         Rampage  .   x - +4 ring of protection
Will     +....                  o - +6 ring of strength
Stlth    ++........             g - ring of resist corrosion
HPRegen  0.23/turn              (no ring)
MPRegen  0.12/turn              (no ring)
                                (no ring)
                                (no ring)

@: about to teleport, on berserk cooldown, slowed, very slow
A: almost no armour, amphibious, 8 rings, camouflage 1, gelatinous body 1,
(nimble swimmer 1), tentacles
a: Renounce Religion, Berserk, Trog's Hand, Brothers in Arms


You were on level 3 of the Lair of Beasts.
You worshipped Trog.
Trog was greatly pleased with you.
You visited 2 branches of the dungeon, and saw 11 of its levels.

You collected 777 gold pieces.
You spent 233 gold pieces at shops.

Inventory:

Hand Weapons
 h - a +0 antimagic falchion
 E - a +2 scimitar (weapon)
Missiles
 u - a curare-tipped dart (quivered)
 C - 5 throwing nets
Armour
 b - a +0 buckler
 D - a +2 kite shield (worn)
Jewellery
 a - a ring of fire
 d - a ring of willpower (left tentacle)
 g - a ring of resist corrosion (on tentacle)
 o - a +6 ring of strength (on tentacle)
 x - a +4 ring of protection (right tentacle)
Wands
 y - a wand of iceblast (27)
 A - a wand of polymorph (5)
Scrolls
 c - 3 scrolls of enchant weapon
 j - 2 scrolls of torment
 k - 4 scrolls of teleportation
 l - a scroll of silence
 t - 3 scrolls of magic mapping
 v - a scroll of holy word
 z - 3 scrolls of vulnerability
 B - a scroll of fear {unknown}
 G - 2 scrolls of identify
Potions
 e - a potion of ambrosia
 f - 9 potions of curing
 i - a potion of haste {unknown}
 m - 2 potions of heal wounds
 n - a potion of berserk rage {unknown}
 p - a potion of attraction {unknown}
 q - 4 potions of magic
 r - a potion of brilliance {unknown}
 s - 2 potions of lignification {unknown}
 w - a potion of might {unknown}
 F - a potion of flight {unknown}
 H - a potion of degeneration {unknown}


   Skills:
 - Level 9.8 Fighting
 - Level 9.8 Long Blades
 - Level 3.0 Dodging
 + Level 11.1 Shields


You had 10 spell levels left.
You didn't know any spells.
Your spell library was empty.

Dungeon Overview and Level Annotations

Branches:
Dungeon (8/15)             Temple (0/1) D:7            Lair (3/6) D:8
  Snake (0/4) Lair:2
  Swamp: Lair:2-4    Shoals: Lair:2-4

Altars:
Cheibriados
Fedhas
Nemelex Xobeh

Shops:
D:4 :   D:6 ?   D:7 ?


Innate Abilities, Weirdness & Mutations

You cannot wear most types of armour.
You are amphibious.
You can wear up to eight rings at the same time.
Your skin changes colour to match your surroundings (Stealth+).
Your rubbery body absorbs attacks. (AC +1, EV +1)
((You are camouflaged near water. (Stealth+)))
You have tentacles for arms and can constrict up to eight enemies at once.


Message History

You slice the yak!!
You kill the yak!
Trog accepts your kill.
You barely miss the yak. You squeeze the yak!
The yak is moderately wounded.
The yak gores you. You block the yak's attack. The yak gores you!
You hit the yak.
The yak is heavily wounded.
You block the yak's attack. x2; The yak closely misses you.
You barely miss the yak.
The yak is moderately wounded.
The yak barely misses you. The yak gores you but does no damage.
You block the yak's attack.
You slash the yak! Your squeeze misses the yak.
The yak is heavily wounded.
The yak gores you! You block the yak's attack. The yak misses you.
The torpor snail bites you!
You slash the yak!
The yak is severely wounded.
You block the yak's attack. The yak gores you! You block the yak's attack.
You slash the torpor snail! You squeeze the torpor snail.
The torpor snail is moderately wounded.
The yak gores you. The yak closely misses you. The yak gores you.
The torpor snail barely misses you.
You riposte.
You slash the torpor snail! You squeeze the torpor snail!
The torpor snail is severely wounded.
You slash the torpor snail!
The torpor snail is almost dead.
You are no longer berserk.
You are exhausted.
You feel as though you will be slow longer.
The yak gores you. x2; The yak gores you but does no damage.
You block the torpor snail's attack.
As you read the scroll of teleportation, it crumbles to dust.
You feel strangely unstable. You block the yak's attack. The yak gores you!
* * * LOW HITPOINT WARNING * * *
The yak gores you!
* * * LOW HITPOINT WARNING * * *
The torpor snail bites you!!
You die...

.###... ..#....
#........ .#.....
.......... ..#....
#.........
$......###.........
......?#.#.........
......YY..........
#...Y@..........
#...w......##
##.........##
#...........# #...#
##(.........#
##...#
...........##
#....#
P#..........P#
#....#
#...........#
#....#
##.........##
##...#


You could see a torpor snail and 3 yaks.

Vanquished Creatures
  Harold (Lair:2)
  A two-headed ogre (D:8)
  2 elephants (Lair:2)
  A black mamba (Lair:1)
  5 cane toads
  A komodo dragon (Lair:2)
  A rime drake (Lair:2)
  A wyvern (D:8)
  4 yaks
  2 nagas (Lair:2)
  A floating eye (Lair:2)
  5 water moccasins
  Duvessa (D:4)
  An ice beast (D:8)
  2 black bears
  2 sky beasts
  2 ogres
  2 necrophages
  2 centaurs
  2 kobold brigands
  3 scorpions
  Dowan (D:4)
  6 bullfrogs
  A gnoll sergeant (D:8)
  A water moccasin skeleton (D:5)
  4 wights (D:8)
  A centaur zombie (D:8)
  A bullfrog zombie (D:6)
  3 hounds
  An orc priest (D:6)
  2 jellies
  A gnoll shaman (D:5)
  4 iguanas
  Jessica (D:3)
  An orc wizard (D:6)
  A killer bee zombie (D:7)
  A hound skeleton (D:5)
  8 gnolls
  6 adders
  A shadow imp (D:7)
  2 white imps
  2 adder skeletons
  2 worms (D:2)
  A dart slug (D:4)
  11 orcs
  3 bats (D:1)
  12 endoplasms
  3 giant cockroaches
  3 goblins
  7 hobgoblins
  11 jackals
  18 kobolds
  5 quokkas
  8 ball pythons
  5 frilled lizards
  11 rats
191 creatures vanquished.

Vanquished Creatures (others)
  8 fungi
  6 plants
  7 toadstools (D:2)
21 creatures vanquished.

Grand Total: 212 creatures vanquished

Notes
Turn   | Place    | Note
-------+----------+-------------------------------------------
     0 | D:1      | nyamberluvr69 the Octopode Berserker began the quest for
                  | the Orb.
     0 | D:1      | Reached XP level 1. HP: 16/16 MP: 1/1
   110 | D:1      | Reached XP level 2. HP: 12/21 MP: 2/2
   618 | D:1      | Reached skill level 1 in Shields
   732 | D:1      | Reached XP level 3. HP: 22/26 MP: 3/3
   860 | D:1      | Found a sparkling altar of Nemelex Xobeh.
  1052 | D:1      | Reached ** piety under Trog
  1251 | D:2      | Reached skill level 2 in Shields
  1475 | D:2      | Reached skill level 3 in Shields
  1475 | D:2      | Reached XP level 4. HP: 14/31 MP: 4/4
  2151 | D:2      | Reached XP level 5. HP: 34/36 MP: 5/5
  2501 | D:3      | Noticed Jessica
  2506 | D:3      | Killed Jessica
  2507 | D:3      | Reached skill level 4 in Shields
  2739 | D:3      | Noticed a necrophage
  3034 | D:3      | Reached *** piety under Trog
  3192 | D:3      | Killed a necrophage
  3193 | D:3      | Reached XP level 6. HP: 36/43 MP: 6/6
  3347 | D:3      | Found a faded altar of an unknown god.
  3624 | D:4      | Noticed Duvessa
  3630 | D:4      | Noticed Dowan
  3634 | D:4      | Killed Duvessa
  3823 | D:4      | Killed Dowan
  3824 | D:4      | Reached skill level 5 in Fighting
  3824 | D:4      | Reached skill level 5 in Long Blades
  3824 | D:4      | Reached XP level 7. HP: 50/50 MP: 7/7
  4716 | D:4      | Found Rishrure's Book Emporium.
  4789 | D:5      | Entered Level 5 of the Dungeon
  5183 | D:5      | Reached XP level 8. HP: 53/57 MP: 8/8
  6100 | D:5      | Found a blossoming altar of Fedhas.
  6464 | D:6      | Found Uhoet's Magic Scroll Shoppe.
  6467 | D:6      | Reached **** piety under Trog
  6479 | D:6      | Bought a scroll of teleportation for 42 gold pieces
  6479 | D:6      | Bought a scroll of identify for 28 gold pieces
  6479 | D:6      | Bought a scroll of identify for 28 gold pieces
  6622 | D:6      | Identified the +5 mace "Suwy" {freeze, Str+3}
  7679 | D:7      | Reached XP level 9. HP: 57/66 MP: 9/9
  7846 | D:7      | Found a staircase to the Ecumenical Temple.
  8052 | D:7      | Found Rusiv's Magic Scroll Boutique.
  8069 | D:7      | Bought a scroll of identify for 20 gold pieces
  8069 | D:7      | Bought a scroll of magic mapping for 35 gold pieces
  8069 | D:7      | Bought a scroll of identify for 20 gold pieces
  8069 | D:7      | Bought a scroll of identify for 20 gold pieces
  8069 | D:7      | Bought a scroll of identify for 20 gold pieces
  8069 | D:7      | Bought a scroll of identify for 20 gold pieces
  8988 | D:8      | Noticed a two-headed ogre
  8997 | D:8      | Killed a two-headed ogre
  9347 | D:8      | Reached XP level 10. HP: 53/76 MP: 10/10
  9513 | D:8      | Found a staircase to the Lair.
  9533 | Lair:1   | Entered Level 1 of the Lair of Beasts
  9589 | Lair:1   | Reached skill level 5 in Shields
  9878 | Lair:1   | Noticed a cane toad
  9885 | Lair:1   | Killed a cane toad
  9886 | Lair:1   | Reached skill level 6 in Shields
  9974 | Lair:1   | Noticed a cane toad
  9989 | Lair:1   | Killed a cane toad
 10165 | Lair:1   | Reached skill level 7 in Shields
 10811 | Lair:1   | Noticed a black mamba
 10820 | Lair:1   | Killed a black mamba
 10918 | Lair:2   | Noticed a cane toad
 10929 | Lair:1   | Killed a cane toad
 10930 | Lair:1   | Reached skill level 8 in Shields
 11248 | Lair:2   | Noticed a seven-headed hydra
 11260 | Lair:2   | Noticed a cane toad
 11261 | Lair:2   | Noticed Harold
 11276 | Lair:2   | Found a staircase to the Snake Pit.
 11536 | Lair:2   | Found a snail-covered altar of Cheibriados.
 11641 | Lair:2   | Reached skill level 9 in Shields
 11771 | Lair:2   | Noticed a cane toad
 11779 | Lair:2   | Killed a cane toad
 12063 | Lair:2   | a seven-headed hydra changed into a floating eye
 12068 | Lair:2   | Reached XP level 11. HP: 81/81 MP: 11/11
 12133 | Lair:2   | Killed Harold
 12134 | Lair:2   | Reached skill level 10 in Shields
 12135 | Lair:2   | Reached ***** piety under Trog
 12488 | Lair:2   | Reached skill level 11 in Shields
 12578 | Lair:3   | Mangled by a torpor snail

Illustrated notes

Levels and vault maps discovered:
D:1:      dpeg_arrival_tiny_c, layout_basic, minmay_hexomino_r4
D:2:      cheibrodos_fertilizer, layout_loops_ring
D:3:      cheibrodos_old_hovel, layout_basic,
          shapermc_ecumenical_altar_mp_vishouse, eino_tiny_chamber,
          minivault_25, uniq_jessica
D:4:      layout_basic, serial_shops, nicolae_diamond_shop, uniq_duvessa
D:5:      layout_cave_pools, nicolae_overflow_crystal_walls,
          kennysheep_nondescript
D:6:      layout_basic, serial_corexii_hall, corexii_hall_statues_l,
          corexii_hall_statues_l, serial_shops, shop
D:7:      layout_gridville, minmay_temple_entry_glass, kennysheep_windowed_goal
D:8:      layout_basic, lair_entry_dummy
Lair:1:   layout_cave_pods
Lair:2:   layout_hall_layers, guppyfry_snake_entry_island, basic_altar,
          grunt_megastairs_4, infiniplex_staircase_pool, uniq_harold
Lair:3:   layout_long_grid, basic_altar, grunt_megastairs_5,
          serial_bayou_shore_a

Skill      XL: |  1  2  3  4  5  6  7  8  9 10 11 |
---------------+----------------------------------+-----
Shields        | 1 3 4 9 11 | 11.1
Fighting       | 4 5 6 7 9 |  9.8
Long Blades    | 4 5 6 8 9 |  9.8
Dodging        | |  3.0

Action                   |  1- 3 |  4- 6 |  7- 9 | 10-12 || total
-------------------------+-------+-------+-------+-------++-------
Melee: Falchion          |    78 |    76 |   187 |       ||   341
       Constrict         |    16 |    22 |    52 |    16 ||   106
       Tentacles         |    14 |    23 |    75 |    47 ||   159
       Scimitar          |       |       |    26 |   110 ||   136
Invok: Berserk           |     3 |     3 |    10 |     7 ||    23
       Trog's Hand       |     1 |       |     1 |       ||     2
Evoke: Wand              |       |       |       |     2 ||     2
  Use: Scroll            |       |       |    11 |     1 ||    12
 Stab: Sleeping          |     7 |    10 |     2 |     2 ||    21
       Distracted        |       |       |       |     1 ||     1
Armor: Skin              |     2 |     5 |    20 |     8 ||    35
Dodge: Dodged            |    46 |    35 |   117 |    42 ||   240
Block: Buckler           |    13 |    12 |    44 |       ||    69
       Kite shield       |       |       |       |    68 ||    68
       Rpst.: Falchion   |     9 |    12 |    26 |       ||    47
       Scimitar          |       |       |     1 |    11 ||    12

Table legend: (Time is in decaauts)
 A = Elapsed time spent in this place.
 B = Non-inter-level travel time spent in this place.
 C = Inter-level travel time spent in this place.
 D = Time resting spent in this place.
 E = Time spent auto-exploring this place.
 F = Levels seen in this place.
 G = Mean time per level.
                   A        B        C        D        E       F      G
               +--------+--------+--------+--------+--------+-----+--------+
         Total |  12807 |  12340 |    467 |   3382 |   7483 |  11 | 1164.3 |
       Dungeon |   9692 |   9348 |    344 |   2230 |   6004 |   8 | 1211.5 |
          Lair |   3114 |   2991 |    123 |   1152 |   1479 |   3 | 1038.0 |
               +--------+--------+--------+--------+--------+-----+--------+

Top non-repeatable levels by time:
     D:4: 1893 daAuts
  Lair:1: 1747 daAuts
     D:3: 1316 daAuts
  Lair:2: 1294 daAuts
     D:2: 1260 daAuts
     D:1: 1257 daAuts
     D:7: 1122 daAuts
     D:6: 1113 daAuts
     D:8: 1002 daAuts
     D:5: 726 daAuts
  Lair:3: 72 daAuts
